Unix NetHack Version 5.0.0-0 post-release - last build Jul 19 2026 19:10:59 (3aa4ab31751d3886436d94b585a96704892fd477,branch:main).

Game began 2026-07-24 07:07:11, ended 2026-07-24 08:44:54.

LDaviesPeters, neutral female human Archeologist

                                                          [
                                                          .).-
                                                         G   .|
                                      h                    h)-
                                                             . -
                                                              .| - @
                                                               )..YG
                                                        h

                                        m             n
                                                   i

                                        -------
                                        ...<....
                                        -------

LDaviesPeters the Investigator  St:14 Dx:10 Co:12 In:16 Wi:15 Ch:14  Neutral
Dlvl:9  $:0  HP:0(61) Pw:26(26) AC:6  Xp:7 T:6389  Blind

Latest messages:
 Are you waiting to get hit?  Use 'm' prefix to force a no-op (to rest).
 Are you waiting to get hit?  Use 'm' prefix to force a no-op (to rest).
 You lash the sasquatch.
 The sasquatch hits!
 The sasquatch hits again!
 The sasquatch kicks!
 The sasquatch hits!
 The sasquatch hits again!
 The sasquatch kicks!
 You lash the sasquatch.
 You sense a faint wave of psychic energy.
 The sasquatch hits!
 The sasquatch hits again!
 The sasquatch kicks!
 Are you sure you want to pray? [yn] (n) y
 You begin praying to Camaxtli.
 The sasquatch starts to attack you, but pulls back.
 The sasquatch starts to attack you, but pulls back.
 The sasquatch starts to attack you, but pulls back.
 The sasquatch starts to attack you, but pulls back.
 You finish your prayer.
 You feel that Camaxtli is well-pleased.
 You feel much better.
 You miss the sasquatch.
 The sasquatch hits!
 The sasquatch hits again!
 The sasquatch kicks!
 The sasquatch hits!
 The sasquatch hits again!
 The sasquatch kicks!
 You lash the sasquatch.
 The sasquatch hits!
 The sasquatch hits again!
 The sasquatch kicks!
 You lash the sasquatch.
 The sasquatch hits!
 The sasquatch hits again!
 The sasquatch kicks!
 The sasquatch hits!
 The sasquatch hits again!
 The sasquatch kicks!
 You lash the sasquatch.
 The sasquatch hits!
 The sasquatch hits again!
 You die...
 Do you want your possessions identified? [ynq] (y) y
 Do you want to see your attributes? [ynq] (y) y
 Do you want an account of creatures vanquished? [ynaq] (y) n
 Do you want to see your conduct and achievements? [ynq] (y) y
 Do you want to see the dungeon overview? [ynq] (y) n

Inventory:
 Amulets  ('"')
  D - an uncursed amulet of ESP (being worn)
 Weapons  (')')
  v - 3 +0 daggers
  t - 4 +0 orcish daggers
  u - a +0 orcish dagger
  a - a +2 bullwhip (weapon in right hand)
 Armor    ('[')
  z - a blessed +0 orcish helm (being worn)
  m - an uncursed +0 pair of high boots (being worn)
  h - an uncursed +0 leather jacket (being worn)
 Comestibles  ('%')
  j - an uncursed slime mold
  T - an uncursed tripe ration
 Scrolls  ('?')
  x - a cursed scroll of enchant weapon
  s - an uncursed scroll of identify
  U - a blessed scroll of teleportation
 Spellbooks  ('+')
  F - an uncursed spellbook of clairvoyance
  G - an uncursed spellbook of force bolt
 Potions  ('!')
  H - an uncursed potion of full healing
 Rings    ('=')
  Q - an uncursed ring of protection from shape changers
 Wands    ('/')
  V - a wand of digging (0:4)
 Tools    ('(')
  b - an uncursed sack containing 1 item
  B - an uncursed blindfold
  k - an uncursed credit card
  l - an uncursed magic lamp (lit)
  p - a +0 pick-axe (alternate weapon; not wielded)
  Y - an uncursed stethoscope
  f - a tinning kit (0:91)
 Gems/Stones  ('*')
  g - an uncursed touchstone

Contents of the sack:
  154 gold pieces

LDaviesPeters the Archeologist's attributes:

Background:
 You were an Investigator, a level 7 female human Archeologist.
 You were neutral, on a mission for Camaxtli
 who was opposed by Quetzalcoatl (lawful) and Huhetotl (chaotic).
 You were right-handed.
 You were in the Gnomish Mines, on level 9.
 You entered the dungeon 6389 turns ago.
 You had 702 experience points, 578 more were needed to attain level 8.

Basics:
 You had 0 out of 61 hit points.
 You had all 26 energy points (spell power).
 Your armor class was 6.
 Your wallet was empty, but
 you had 154 zorkmids stashed away in your pack.
 Autopickup was off.

Final Characteristics:
 Your strength was 14 (limit:18/100).
 Your dexterity was 10 (limit:18).
 Your constitution was 12 (limit:18).
 Your intelligence was 16 (limit:18).
 Your wisdom was 15 (limit:18).
 Your charisma was 14 (limit:18).

Final Status:
 You were temporarily blind.
 You weren't hungry.
 You were unencumbered.
 You were wielding a whip.
 You had expert skill with whip.

Final Attributes:
 You were piously aligned.
 You were telepathic.
 You had automatic searching.
 You were stealthy.
 You are dead.

Miscellaneous:
 You encountered 2 bones levels.
 Total elapsed playing time was 1 hour, 37 minutes and 42 seconds.

Major events:
 Turn
    1: LDaviesPeters the neutral female human Archeologist entered the dungeon
  914: attained the rank of Field Worker (level 3)
 2313: entered the Gnomish Mines
 4043: attained the rank of Investigator (level 6)
 6069: reached Mine Town
 6389: killed by a sasquatch

Spells:
 Name                 Level Category     Fail Retention
 magic missile          2   attack        84%   51%-75%
 invisibility           4   escape       100%  76%-100%
 detect unseen          3   divination   100%  76%-100%

Skills:
 Fighting Skills
   bare handed combat [Unskilled]
   two weapon combat  [Unskilled]
   riding             [Unskilled]
 Weapon Skills
   dagger             [Unskilled]
   knife              [Unskilled]
   pick-axe           [Basic]
   short sword        [Unskilled]
   saber              [Unskilled]
   club               [Unskilled]
   quarterstaff       [Unskilled]
   sling              [Unskilled]
   dart               [Unskilled]
   boomerang          [Unskilled]
   whip               [Expert]
   unicorn horn       [Unskilled]
 Spellcasting Skills
   attack spells      [Unskilled]
   healing spells     [Unskilled]
   divination spells  [Unskilled]
   matter spells      [Unskilled]

Voluntary challenges:
 Character rerolling was not enabled.
 You never genocided any monsters.
 You never polymorphed an object.
 You never changed form.
 You used no wishes.
Achievements:
 You attained the rank of Field Worker.
 You entered the Gnomish Mines.
 You attained the rank of Investigator.
 You entered Minetown.

 The Dungeons of Doom: levels 1 to 7
    Level 1:
    Level 2:
       A fountain.
    Level 3:
       A fountain, a grave.
    Level 4:
       An altar to Camaxtli, a fountain.
       Stairs down to The Gnomish Mines.
    Level 5:
       An altar, a fountain, a sink.
    Level 6:
       A fountain, a grave.
    Level 7:
       Final resting place for
          Tzelly-Pri-Hum-Fem-Neu, killed by a mumak.
 The Gnomish Mines: levels 5 to 9
    Level 5:
    Level 6:
    Level 7:
    Level 8:
       Final resting place for
          jvanheel-Rog-Hum-Mal-Cha, killed by an orc-captain.
    Level 9: <- You were here.
       Final resting place for
          you, killed by a sasquatch.


Vanquished creatures:
  2 dingoes
 an imp
 an orc shaman
  a rock piercer
  2 rock moles
  a pony
  a fog cloud
  2 yellow lights
  4 gnome leaders
  2 gnomish wizards
  a gray ooze
 an elf zombie
  a straw golem
  a giant ant
  a floating eye
  6 dwarves
  2 homunculi
  4 hill orcs
  6 rothes
  a centipede
  2 giant bats
  a monkey
  a dwarf zombie
  3 wererats
  2 werejackals
  3 iguanas
  4 coyotes
  a large kobold
  a hobgoblin
  4 giant rats
  a cave spider
  3 yellow molds
 15 gnomes
  7 geckos
 13 jackals
  3 foxes
  a kobold
  6 goblins
  8 sewer rats
  3 grid bugs
  a bat
  2 lichens
  2 kobold zombies
 12 newts
140 creatures vanquished.

No species were genocided or became extinct.

Game over:
                       ----------
                      /          \
                     /    REST    \
                    /      IN      \
                   /     PEACE      \
                  /                  \
                  |  LDaviesPeters   |
                  |      154 Au      |
                  |   killed by a    |
                  |    sasquatch     |
                  |                  |
                  |                  |
                  |       2026       |
                 *|     *  *  *      | *
        _________)/\\_//(\/(/\)/\//\/|_)_______

Goodbye LDaviesPeters the Archeologist...

You died in The Gnomish Mines on dungeon level 9 with 3357 points,
and 154 pieces of gold, after 6389 moves.
You were level 7 with a maximum of 61 hit points when you died.

